 Dungeon Crawl Stone Soup version 0.27-a0-1548-gf8a67e7463 (webtiles) character file.

Game seed: 6769735810172176767

394 bande the Shield-Bearer (level 6, -15/38 HPs)
             Began as a Gargoyle Fighter on July 13, 2021.
             Demolished by an ogre (20 damage)
             ... on level 4 of the Dungeon.
             The game lasted 00:05:55 (4036 turns).

bande the Shield-Bearer (Gargoyle Fighter)          Turns: 4036, Time: 00:05:55

Health: -15/38     AC: 11    Str: 33    XL:     6   Next: 81%
Magic:  6/6        EV:  8    Int:  8    God:
Gold:   115        SH: 11    Dex: 10    Spells: 5/5 levels left

rFire    . . .     SeeInvis .   a - +1 war axe
rCold    . . .     Faith    .   c - +0 kite shield
rNeg     + . .     Spirit   .   b - +0 scale mail
rPois    ∞         Reflect  .   (no helmet)
rElec    +         Harm     .   (no cloak)
rCorr    .         Rampage  .   (no gloves)
Will     .....                  (no boots)
Stlth    ..........             (no amulet)
HPRegen  0.12/turn              l - +6 ring of strength
MPRegen  0.10/turn              h - +6 ring of strength

@: no status effects
A: sickness immunity, AC +4, negative energy resistance 1, electricity
resistance, torment resistance 1, petrification resistance
a: no special abilities


You were on level 4 of the Dungeon.
You visited 1 branch of the dungeon, and saw 4 of its levels.
You also visited: Sewer.

You collected 115 gold pieces.

Inventory:

Hand Weapons
 a - a +1 war axe (weapon)
Missiles
 n - 2 throwing nets (quivered)
Armour
 b - a +0 scale mail (worn)
 c - a +0 kite shield (worn)
Jewellery
 e - a ring of protection from cold
 h - a +6 ring of strength (right hand)
 l - a +6 ring of strength (left hand)
Wands
 j - a wand of flame (11)
 p - a wand of iceblast (9)
Scrolls
 m - a scroll of enchant weapon
 o - a scroll of blinking {unknown}
Potions
 d - a potion of might
 f - 2 potions of ambrosia {unknown}
 g - a potion of curing
 i - a potion of magic {unknown}
 k - a potion of heal wounds {unknown}
 q - a potion of mutation {unknown}


   Skills:
 + Level 4.2 Fighting
 + Level 4.0 Axes
 + Level 4.3 Armour
 + Level 1.1 Dodging
 + Level 4.6 Shields
 * Level 1.6 Evocations


You had 5 spell levels left.
You didn't know any spells.
Your spell library was empty.

Dungeon Overview and Level Annotations

Branches:
Dungeon (4/15)              Sewer (visited)
 Temple: D:4-7

Altars:
Elyvilon
Sif Muna
Vehumet
Wu Jian

Shops:
D:1 [   D:3 *

Portals:
Abyss: D:3

Annotations:
D:3 2 transporters, nyamberluvr69's ghost, amateur OpBe


Innate Abilities, Weirdness & Mutations

You are immune to sickness and miasma.
Your stone body is resilient. (AC +4)
You are immune to poison.
You resist negative energy. (rN+)
You are resistant to electric shocks. (rElec)
You are resistant to unholy torment.
You are immune to petrification.


Message History

You slash the gnoll!
You kill the gnoll!
You closely miss the gnoll. You block the gnoll's attack. x2
You slash the gnoll!
You kill the gnoll!
No target in view!
No target in view!
No target in view!
No target in view!
No target in view!
No target in view!
No target in view!
An ogre comes into view. It is wielding a +0 giant club.
The ogre shouts!
Things that are here:
a +0 spear; a +0 whip; a gnoll corpse You closely miss the ogre.
The ogre hits you with a +0 giant club!
You hit the ogre.
The ogre is lightly wounded.
The ogre barely misses you.
Your shield prevents you from hitting the ogre.
The ogre is lightly wounded.
The ogre hits you with a +0 giant club!!
* * * LOW HITPOINT WARNING * * *
The ogre hits you with a +0 giant club.
* * * LOW HITPOINT WARNING * * *
You barely miss the ogre.
The ogre is lightly wounded.
You block the ogre's attack.
You slash the ogre!
The ogre is heavily wounded.
You block the ogre's attack.
You slash the ogre!
The ogre is severely wounded.
The ogre closely misses you.
You barely miss the ogre.
The ogre is severely wounded.
The ogre hits you with a +0 giant club!!
Ouch! That really hurt!
You die...

#........#.#...#.
#........#.#...#
############.########.#
..# .##.......##.# .#
.#
....[........########.#
....#..##.###....<.(...
.#.....##.# #.####..#
.##.#.###.#
#.#)##..####
.##.......#
#..)@O......
......#####
#.#)##..#### #######
#.#.# .# . #.... ..
#..... ## #.....#
#.....# #.....#


You could see an ogre.

Vanquished Creatures
  2 scorpions
  A bullfrog (Sewer)
  A hound (D:3)
  4 gnolls (D:4)
  7 adders
  3 worms
  A dart slug (D:3)
  7 ball pythons
  7 endoplasms
  8 giant cockroaches
  4 goblins
  6 hobgoblins
  3 quokkas (Sewer)
  3 bats
  7 frilled lizards
  10 kobolds
  3 rats
77 creatures vanquished.

Notes
Turn   | Place    | Note
-------+----------+-------------------------------------------
     0 | D:1      | bande the Gargoyle Fighter began the quest for the Orb.
     0 | D:1      | Reached XP level 1. HP: 14/14 MP: 1/1
    77 | D:1      | Reached XP level 2. HP: 18/19 MP: 2/2
    94 | D:1      | Found a faded altar of an unknown god.
   388 | D:1      | Found Ashokh's Antique Armour Boutique.
   971 | D:2      | Reached XP level 3. HP: 14/23 MP: 3/3
  1394 | D:2      | Reached XP level 4. HP: 28/28 MP: 4/4
  1866 | D:3      | Found Misa's General Store.
  2245 | D:3      | Found a transporter.
  2250 | D:3      | Found a transporter.
  2262 | D:3      | Found a one-way gate to the infinite horrors of the Abyss.
  2262 | D:3      | Noticed nyamberluvr69's ghost (amateur OpBe)
  2278 | D:3      | Reached XP level 5. HP: 33/33 MP: 5/5
  2628 | D:3      | Found a shimmering blue altar of Sif Muna.
  3111 | D:4      | Found a glowing drain.
  3150 | Sewer    | Entered a sewer
  3346 | Sewer    | Reached skill level 1 in Evocations
  3408 | Sewer    | Reached XP level 6. HP: 38/38 MP: 6/6
  3526 | Sewer    | Identified the +1 robe of Beyond {rPois Str+7}
  3786 | D:4      | Reached skill level 1 in Dodging
  3849 | D:4      | Found an ornate altar of the Wu Jian Council.
  3856 | D:4      | Found a radiant altar of Vehumet.
  3857 | D:4      | Found a white marble altar of Elyvilon.
  4036 | D:4      | Demolished by an ogre

Illustrated notes

Levels and vault maps discovered:
D:1:      erik_arrival_orb_chamber, layout_basic, serial_shops, shop,
          hellmonk_ecumenical_altar_arch_garden
D:2:      layout_loops_cross
D:3:      layout_basic, nicolae_sif_muna_condensation, serial_shops, shop,
          gammafunk_ghost_abyssal_escape, st_stairs_8, kennysheep_cluttered_room
D:4:      layout_loops_cross, minitemple, cheibrodos_sewer_entry_drain,
          chequers_serial_rivers_small_b

Skill      XL: |  1  2  3  4  5  6 |
---------------+-------------------+-----
Axes           | 2 3 4 |  4.0
Shields        | 4 |  4.6
Fighting       | 4 |  4.2
Armour         | 4 |  4.3
Evocations     | 1 |  1.6
Dodging        | 1 |  1.1

Action                   |  1- 3 |  4- 6 || total
-------------------------+-------+-------++-------
Melee: War axe           |    99 |   180 ||   279
  Use: Scroll            |     3 |     2 ||     5
Armor: Scale mail        |    59 |    94 ||   153
Dodge: Dodged            |    25 |    51 ||    76
Block: Kite shield       |    44 |   116 ||   160

Table legend: (Time is in decaauts)
 A = Elapsed time spent in this place.
 B = Non-inter-level travel time spent in this place.
 C = Inter-level travel time spent in this place.
 D = Time resting spent in this place.
 E = Time spent auto-exploring this place.
 F = Levels seen in this place.
 G = Mean time per level.
                   A        B        C        D        E       F      G
               +--------+--------+--------+--------+--------+-----+--------+
         Total |   4281 |   4281 |      0 |    351 |   3104 |   5 |  856.2 |
       Dungeon |   3573 |   3573 |      0 |    351 |   2576 |   4 |  893.2 |
         Sewer |    707 |    707 |      0 |      0 |    528 |   1 |  707.0 |
               +--------+--------+--------+--------+--------+-----+--------+

Top non-repeatable levels by time:
     D:3: 1470 daAuts
     D:1: 943 daAuts
     D:2: 805 daAuts
   Sewer: 707 daAuts
     D:4: 353 daAuts
